 Dungeon Crawl Stone Soup version 0.22-a0-419-g492bfec (webtiles) character file.

260460 Mgcat the Brawler (level 19, -1/177 HPs)
             Began as a Ghoul Fighter on May 15, 2018.
             Was the Champion of Makhleb.
             Slain by a two-headed ogre
             ... wielding a +0 giant club
              (5 damage)
             ... on level 2 of the Vaults.
             The game lasted 01:46:37 (39693 turns).

Mgcat the Brawler (Ghoul Fighter)                  Turns: 39693, Time: 01:46:38

Health: -1/177     AC: 30    Str: 25    XL:     19   Next: 93%
Magic:  25/25      EV: 11    Int: 10    God:    Makhleb [******]
Gold:   1099       SH:  0    Dex:  9    Spells: 18/18 levels left

rFire    + . .     SeeInvis .     - Unarmed
rCold    + . .     Gourm    .   b - +0 shield
rNeg     + + +     Faith    .   l - +3 plate armour {rPois}
rPois    ∞         Spirit   .   p - +2 helmet
rElec    +         Reflect  +   F - +2 cloak {+Inv}
rCorr    .         Harm     .   m - +1 pair of gloves
MR       +....                  r - +0 pair of boots
Stlth    ..........             M - +4 amulet of reflection
HPRegen  0.00/turn              i - ring of Cheibriados's Pride {*Contam rElec rPois rC+}
MPRegen  0.19/turn              x - ring "Zoppuwol" {Fire rN+ Str+2 Int+3}

@: confused, about to teleport, marked, very slightly contaminated, rotting,
slowed, very slow
A: rotting body, claws 1, carnivore, cold resistance 1, negative energy
resistance 3, inhibited regeneration, torment resistance, unbreathing
}: 2/15 runes: serpentine, barnacled
a: Minor Destruction, Lesser Servant of Makhleb, Major Destruction, Greater
Servant of Makhleb, Renounce Religion, Evoke Invisibility


You were on level 2 of the Vaults.
You worshipped Makhleb.
Makhleb was exalted by your worship.
You were near starving.

You visited 6 branches of the dungeon, and saw 33 of its levels.
You also visited: Volcano.

You collected 3116 gold pieces.
You spent 2017 gold pieces at shops.

Inventory:

Missiles
 t - 8 curare-tipped needles
 G - 7 throwing nets {=f, !d}
Armour
 b - a +0 shield (worn)
 l - a +3 plate armour of poison resistance (worn)
   (You bought it in a shop on level 2 of the Orcish Mines)
 m - a +1 pair of gloves (worn)
   (You found it on level 14 of the Dungeon)
 p - a +2 helmet (worn)
   (You found it on level 5 of the Lair of Beasts)
 r - a +0 pair of boots (worn)
   (You found it on level 6 of the Dungeon)
 w - a scarf of repulsion
   (You found it on level 2 of the Shoals)
 F - a +2 cloak of invisibility (worn)
   (You acquired it on level 1 of the Snake Pit)
Jewellery
 i - the ring of Cheibriados's Pride (left hand) {*Contam rElec rPois rC+}
   (You acquired it on level 13 of the Dungeon)

   [ring of protection from cold]

   It protects you from cold.
   It insulates you from electricity.
   It protects you from poison.
   It causes magical contamination when unequipped.
 x - the ring "Zoppuwol" (right hand) {Fire rN+ Str+2 Int+3}
   (You found it on level 6 of the Lair of Beasts)

   [ring of fire]

   It enhances your fire magic.
   It affects your strength (+2).
   It affects your intelligence (+3).
   It protects you from fire.
   It makes you vulnerable to cold.
   It protects you from negative energy.
 M - a +4 amulet of reflection (around neck)
   (You bought it in a shop on level 2 of the Snake Pit)
 T - a +3 ring of protection
   (You found it on level 2 of the Vaults)
Wands
 c - a wand of digging (6)
   (You took it off Edmund on level 3 of the Dungeon)
 f - a wand of iceblast (17)
   (You found it on level 12 of the Dungeon)
 B - a wand of clouds (6)
   (You found it on level 6 of the Lair of Beasts)
 E - a wand of flame (23)
   (You found it on level 2 of the Snake Pit)
 J - a wand of acid (19)
   (You found it on level 2 of the Snake Pit)
Scrolls
 a - 11 scrolls of teleportation
 e - 15 scrolls of remove curse
 j - 23 scrolls of identify
 o - 7 scrolls of magic mapping {!r}
 s - a scroll of vulnerability {unknown}
 v - 6 scrolls of enchant armour
 y - 4 scrolls of noise {!r}
 A - 5 scrolls of fog
 D - 3 scrolls of immolation {!r}
 H - 2 scrolls of torment
 Q - a scroll of acquirement
Potions
 g - 10 potions of lignification
 n - a potion of haste
 q - 2 potions of mutation {unknown}
 u - a potion of invisibility
 z - 3 potions of berserk rage {unknown}
 C - 4 potions of magic {unknown}
 I - 5 potions of brilliance {unknown}
 K - a potion of might
 L - 3 potions of flight
 N - a potion of agility
Miscellaneous
 k - a fan of gales
   (You found it on level 4 of the Shoals)
 O - a phial of floods
   (You found it on level 4 of the Shoals)
 P - a lightning rod (4/4)
   (You found it on level 4 of the Shoals)
 R - 2 phantom mirrors
 S - a crystal ball of energy
   (You found it on level 3 of the Lair of Beasts)
Comestibles
 d - 51 rations
 h - 40 chunks of flesh {@w0}


   Skills:
 + Level 17.5 Fighting
 + Level 12.7 Armour
 + Level 10.3 Dodging
 - Level 15.0 Shields
 + Level 17.5 Unarmed Combat
 + Level 10.6 Invocations
 - Level 8.1 Evocations


You had 18 spell levels left.
You didn't know any spells.
Your spell library contained the following spells:

 Spells                   Type           Power        Failure   Level  Hunger
 Apportation              Tloc           #.....       97%         1    ##.....
 Confuse                  Hex            #.......     100%        3    ####...
 Invisibility             Hex            #.......     100%        6    #######
 Summon Small Mammal      Summ           #...         97%         1    ##.....
 Animate Dead             Necr           N/A          100%        4    #####..
 Pain                     Necr           #...         97%         1    ##.....
 Animate Skeleton         Necr           N/A          97%         1    ##.....
 Vampiric Draining        Necr           #.........   100%        3    ####...
 Regeneration             Chrm/Necr      #.........   100%        3    ####...
 Tukima's Dance           Hex            #.......     100%        3    ####...
 Shadow Creatures         Summ           N/A          100%        6    #######
 Confusing Touch          Hex            #.....       97%         1    ##.....
 Ensorcelled Hibernation  Hex/Ice        #.....       99%         2    ###....
 Metabolic Englaciation   Hex/Ice        #.........   100%        5    ######.
 Summon Butterflies       Summ           #.......     97%         1    ##.....
 Silence                  Hex/Air        #.........   100%        5    ######.
 Alistair's Intoxication  Tmut/Pois      #.......     100%        5    ######.
 Petrify                  Tmut/Erth      #.......     100%        4    #####..
 Darkness                 Hex            #.........   100%        6    #######
 Gell's Gravitas          Tloc           #.........   100%        3    ####...
 Yara's Violent Unravell  Hex/Tmut       #.........   100%        5    ######.
 Lesser Beckoning         Tloc           #.........   100%        3    ####...
 Borgnjor's Vile Clutch   Necr/Erth      #.........   100%        5    ######.


Dungeon Overview and Level Annotations

Branches:
Dungeon (15/15)            Temple (0/1) D:6            Lair (6/6) D:10
 Shoals (4/4) Lair:2        Snake (4/4) Lair:3        Slime (0/5) Lair:5
    Orc (2/2) D:11            Elf (0/3) Orc:2        Vaults (2/5) D:14
 Depths (0/5) D:15
  Crypt: Vaults:2-3

Altars:
Ashenzari
Cheibriados
Dithmenos
Elyvilon
Hepliaklqana
Kikubaaqudgha
Makhleb
Nemelex Xobeh
Qazlal
Sif Muna
Trog
Uskayaw
Wu Jian
Xom
Yredelemnul
The Shining One
Jiyva

Shops:
D:4 *   D:6 [   D:11 *   D:15 :   Orc:2 [*(=   Shoals:1 (   Shoals:3 *
Snake:2 ==}   Vaults:1 %

Annotations:
D:14 exclusions: ice statue and orange crystal statue
Lair:5 exclusion: 4 oklob plants
Shoals:1 exclusion: Roxanne, Roxanne
Snake:1 exclusion: 5 oklob plants


Innate Abilities, Weirdness & Mutations

Your body is rotting away.
You thrive on raw meat.
You are immune to poison.
You have sharp fingernails.
You are carnivorous and can eat meat at any time.
Your flesh is cold resistant. (rC+)
You are immune to negative energy. (rN+++)
You do not regenerate when monsters are visible.
You are immune to unholy pain and torment.
You can survive without breathing.


Message History

The ironheart preserver closely misses your hellwing.
You block the two-headed ogre's attack.
The two-headed ogre hits you with a giant club!
The vault warden hits you but does no damage.
You closely miss the acid dragon.
The acid dragon is moderately wounded.
The acid dragon closely misses you. You block the acid dragon's attack.
The ironbrand convoker gestures at the yaktaur captain while chanting.
The yaktaur captain seems to grow stronger.
The deep elf mage gestures wildly while chanting.
The deep elf mage blinks!
Something hits you but does no damage.
Your hellwing barely misses the ironheart preserver. x2
You punch the acid dragon!
The acid dragon is severely wounded.
The ironheart preserver hits your hellwing with a morningstar!
The two-headed ogre hits you with a giant club.
The two-headed ogre hits you but does no damage.
You block the acid dragon's attack. The acid dragon closely misses you.
The vault warden activates a sealing rune.
A door slams shut!
Something hits you. Something drains your vigour!
You feel as though you will be slow longer.
Your hellwing hits the ironheart preserver but does no damage.
Your hellwing hits the ironheart preserver.
You pummel the acid dragon!!
You kill the acid dragon!
Makhleb accepts your kill.
You feel better.
The ironheart preserver hits your hellwing with a morningstar!
Your hellwing dies!
The vault warden hits you with a great mace of protection!
You block the two-headed ogre's attack. The two-headed ogre misses you.
Something hits you! Something drains your vigour!
You feel as though you will be slow longer.
The vault sentinel blows a loud note on a signal horn!
A stone giant and a vault guard come into view.
You punch the two-headed ogre!
The two-headed ogre is heavily wounded.
The ironbrand convoker casts a spell at the yaktaur.
The yaktaur seems to grow stronger.
You block the two-headed ogre's attack. The two-headed ogre barely misses you.
The vault warden hits you with a great mace of protection.
Something unseen opens the door.
Something hits you!
* * * LOW HITPOINT WARNING * * *
The two-headed ogre hits you but does no damage.
The two-headed ogre barely misses you.
A vault warden comes into view. It is wielding a war axe of venom.
You pummel the two-headed ogre!!
You kill the two-headed ogre!
Makhleb accepts your kill.
You feel better. Something hits you but does no damage.
The two-headed ogre closely misses you. You block the two-headed ogre's attack.
The vault warden hits you with a great mace of protection.
The vault warden is engulfed in blazing flames.
A vault guard comes into view. It is wielding a great sword.
You squash the two-headed ogre like an ant!!!
The two-headed ogre is almost dead.
Something hits you but does no damage.
The ogre mage gestures at you while chanting.
The crystal spear hits you!
* * * LOW HITPOINT WARNING * * *
You block the two-headed ogre's attack.
The two-headed ogre hits you but does no damage.
The vault warden hits you with a great mace of protection!
* * * LOW HITPOINT WARNING * * *
The ironbrand convoker casts a spell at the black mamba.
The black mamba seems to grow stronger.
A black mamba comes into view.
Okay, then.
As you read the scroll of teleportation, it crumbles to dust.
You feel strangely unstable.
The ironheart preserver mumbles some strange words.
The ironheart preserver begins to accept its allies' injuries.
The deep elf mage gestures wildly while chanting.
Something completely misses you.
The vault sentinel blows a loud note on a signal horn!
The vault warden activates a sealing rune.
A door slams shut!
The ironbrand convoker points at the stone giant and mumbles some strange words.
The stone giant seems to grow stronger.
The two-headed ogre completely misses you.
You block the two-headed ogre's attack.
The vault warden hits you but does no damage.
The ogre mage hits you but does no damage.
Something hits you!
* * * LOW HITPOINT WARNING * * *
Something drains your vigour!
You feel as though you will be slow longer.
A vault guard comes into view. It is wielding an enchanted war axe.
Unknown command.
Unknown command.
You are confused.
You feel invigorated.
The ironbrand convoker points at the ogre and mumbles some strange words.
The ogre seems to grow stronger.
The ogre mage points at you and mumbles some strange words.
The crystal spear hits you!
* * * LOW HITPOINT WARNING * * *
Something hits you but does no damage.
The two-headed ogre hits you with a giant club.
You die...

####### ###
#.....## ....
##......#### D.(.
###.......'...
.D...#.......p.#
.....#))..p(p(#
......+.p..(..##
......#OO.(..##
......#@pp..##
##### ##{p.##
##p## #e###
#Op.### ##+##
#.pCp.### ##...#
.###Sl.§.###..(..
#....cpe..[.'..8|.
#.###E....###..(..


You could see an ironheart preserver, a stone giant, 2 vault wardens, 5 vault
guards, a two-headed ogre, an ogre mage, a vault sentinel, a deep elf knight, 2
ironbrand convokers, a komodo dragon, a yaktaur, a deep elf mage and a black
mamba.

Vanquished Creatures
  The ghost of Totori the Warrior, an adept DrBe of Trog (Shoals:2)
  Ilsuiw (Shoals:4)
  A fire giant (Vaults:2)
  12 nagarajas
  An orc warlord (Orc:2)
  2 vault wardens (Vaults:1)
  Aizul (Shoals:3)
  2 ironheart preservers
  The ghost of Totori the Force of Nature, a journeyman DrHu of Fedhas (Lair:6)
  Azrael (D:13)
  8 merfolk impalers
  An ettin (D:14)
  2 fire dragons
  4 merfolk javelineers (Shoals:4)
  Snorg (Orc:1)
  A yaktaur captain (Vaults:1)
  5 ogre magi
  A great orb of eyes (Vaults:1)
  5 hydras
  A rakshasa (Vaults:1)
  4 vault guards (D:14)
  8 naga warriors
  An ice dragon (Vaults:2)
  3 catoblepae
  4 merfolk avatars
  Erolcha (D:9)
  19 anacondas
  A satyr (Shoals:2)
  A dancing weapon (Volcano)
  6 centaur warriors
  An alligator snapping turtle (Shoals:4)
  21 two-headed ogres
  4 merfolk aquamancers
  2 tengu warriors (D:15)
  10 death yaks (Lair:6)
  A deep troll shaman (Lair:6)
  5 orc high priests
  11 naga sharpshooters
  8 shock serpents
  4 deep elf knights
  2 salamander mystics (Snake:4)
  11 sea snakes
  2 unseen horrors
  2 glowing orange brains (Vaults:2)
  4 ironbrand convokers
  6 naga ritualists
  6 wizards
  A sphinx zombie (Vaults:1)
  Pikel (D:6)
  19 harpies
  4 orc knights
  3 necromancers
  A lindwurm (Lair:6)
  A wolf spider (Vaults:1)
  5 deep elf magi
  11 manticores
  7 mana vipers
  8 salamanders
  8 cyclopes
  A human zombie (Vaults:1)
  15 ugly things
  5 orc sorcerers
  An orb spider (shapeshifter) (Vaults:2)
  5 fauns (Shoals:2)
  5 toenail golems (Volcano)
  3 human skeletons
  6 merfolk sirens
  9 elephants
  9 guardian serpents (Snake:4)
  3 centaur zombies
  4 water nymphs
  33 black mambas
  18 naga magi
  4 vault sentinels
  11 spiny frogs
  5 rime drakes
  3 freezing wraiths
  4 kobold demonologists
  A redback zombie (D:14)
  26 merfolk
  6 yaktaurs
  4 efreet
  A yaktaur skeleton (Vaults:1)
  9 trolls
  A troll (shapeshifter) (Vaults:1)
  3 komodo dragons
  A harpy zombie (D:13)
  3 polar bears
  5 hornets
  9 wind drakes
  5 slime creatures
  5 dream sheep (Lair:5)
  4 blink frogs (Lair:6)
  12 hippogriffs
  An ettin zombie (Vaults:2)
  12 snapping turtles
  A fire giant simulacrum (Vaults:2)
  A meliai zombie (D:14)
  A hippogriff (shapeshifter) (D:14)
  Sigmund (D:5)
  23 yaks
  12 water elementals
  3 wyverns
  2 wraiths
  A shadow (D:14)
  2 fire elementals (D:13)
  4 basilisks
  4 vampire mosquitoes
  A hungry ghost (D:10)
  A soldier ant (D:12)
  3 steam dragons
  Menkaure (D:4)
  39 nagas
  2 wargs
  Edmund (D:3)
  3 acid dragons
  12 water moccasins
  5 hell hounds (D:13)
  7 porcupines
  36 orc warriors
  3 ice beasts
  5 sky beasts
  5 black bears
  3 phantoms
  20 ogres
  4 boggarts (D:15)
  4 necrophages
  8 centaurs
  6 wolves (Lair:6)
  14 crocodiles
  2 big kobolds (D:11)
  20 bullfrogs
  A yaktaur zombie (Vaults:2)
  A water moccasin zombie (D:6)
  A wyvern zombie (D:7)
  4 scorpions
  The ghost of 4thArraOfDagon the Cudgeler, a weakling DgWr (D:3)
  6 killer bees (D:9)
  8 wights
  2 howler monkeys
  2 electric eels
  12 crimson imps
  A bullfrog zombie (D:7)
  2 jellies
  20 orc priests
  A bullfrog skeleton (D:9)
  7 hounds
  36 orc wizards
  5 centaur skeletons
  2 gnoll shamans
  6 iguanas
  11 worker ants
  4 hound skeletons
  A worker ant zombie (D:5)
  7 gnolls
  A howler monkey skeleton (D:7)
  23 adders
  4 shadow imps
  An ooze (D:4)
  An adder zombie (D:9)
  2 worms
  2 dart slugs
  4 leopard geckos
  109 orcs
  4 bats
  A bat zombie (D:7)
  9 giant cockroaches
  5 goblins
  2 hobgoblins (D:1)
  6 jackals (D:8)
  2 quokkas
  4 frilled lizards
  A jackal zombie (D:7)
  8 kobolds
  2 leopard gecko zombies
  6 rats
  A rat zombie (D:7)
  3 fungi (D:11)
  6 tentacles (Shoals:3)
1129 creatures vanquished.

Vanquished Creatures (collateral kills)
  A kraken (Shoals:3)
  2 merfolk impalers (Shoals:4)
  An alligator snapping turtle (Shoals:4)
  A merfolk aquamancer (Shoals:4)
  2 two-headed ogres
  2 sea snakes
  4 harpies
  3 ugly things (Vaults:1)
  2 manticores (Shoals:4)
  3 merfolk sirens (Shoals:4)
  2 merfolk (Shoals:4)
  2 snapping turtles (Shoals:4)
  A hippogriff (Shoals:4)
  A water elemental (Shoals:3)
  A naga (Snake:4)
  A tentacle (Shoals:3)
29 creatures vanquished.

Vanquished Creatures (others)
  A centaur warrior (Vaults:2)
  A merfolk avatar (Shoals:2)
  2 naga sharpshooters (Snake:1)
  A two-headed ogre (Vaults:2)
  A deep elf mage (D:14)
  A wizard (Vaults:1)
  3 nagas
  3 centaurs (Vaults:2)
  A bullfrog (D:6)
  A crimson imp (D:6)
  2 orc wizards (Orc:2)
  A quokka (D:6)
  9 fungi
  15 plants
  18 tentacles (Shoals:3)
60 creatures vanquished.

Grand Total: 1218 creatures vanquished

Notes
Turn   | Place    | Note
-------+----------+-------------------------------------------
     0 | D:1      | Mgcat the Ghoul Fighter began the quest for the Orb.
     0 | D:1      | Reached XP level 1. HP: 19/19 MP: 0/0
   209 | D:1      | Reached XP level 2. HP: 21/26 MP: 1/1
   708 | D:1      | Reached skill level 3 in Unarmed Combat
   759 | D:1      | You fall through a shaft!
   846 | D:2      | Reached XP level 3. HP: 33/33 MP: 2/2
   852 | D:2      | Found a stormy altar of Qazlal.
   892 | D:2      | Reached skill level 4 in Fighting
  1004 | D:2      | Found a burning altar of Makhleb.
  1010 | D:2      | Became a worshipper of Makhleb the Destroyer
  1229 | D:2      | Found a white marble altar of Elyvilon.
  1289 | D:2      | Found a bloodstained altar of Trog.
  1289 | D:2      | Found a deep blue altar of Sif Muna.
  1295 | D:2      | Found a basalt altar of Yredelemnul.
  1297 | D:2      | Found a shadowy altar of Dithmenos.
  1299 | D:2      | Found a sparkling altar of Nemelex Xobeh.
  1850 | D:3      | Reached XP level 4. HP: 41/41 MP: 3/3
  1970 | D:3      | Noticed 4thArraOfDagon's ghost (weakling DgWr)
  1979 | D:3      | Killed 4thArraOfDagon's ghost
  1979 | D:3      | Reached skill level 4 in Unarmed Combat
  1979 | D:3      | Reached XP level 5. HP: 18/47 MP: 4/4
  2435 | D:4      | Noticed Edmund
  2450 | D:4      | HP: 3/47 [Edmund/dire flail of pain (14)]
  2842 | D:4      | Noticed Menkaure
  2851 | D:4      | Reached skill level 5 in Fighting
  2857 | D:4      | HP: 6/48 [Menkaure (8)]
  3148 | D:4      | HP: 9/48 [Menkaure (8)]
  3150 | D:4      | Killed Menkaure
  3150 | D:4      | Reached skill level 5 in Unarmed Combat
  3150 | D:4      | Reached XP level 6. HP: 11/57 MP: 5/5
  3153 | D:4      | HP: 10/57 [orc/enchanted flail (1)]
  3378 | D:4      | You fall through a shaft for 3 floors!
  3378 | D:7      | Found a hide-covered altar of Uskayaw.
  3378 | D:7      | Noticed a hand axe
  3378 | D:7      | Noticed a dagger
  3396 | D:7      | HP: 13/56 [wyvern zombie (10)]
  3397 | D:7      | Reached skill level 6 in Fighting
  3578 | D:7      | Noticed a hippogriff
  3613 | D:7      | HP: 13/56 [hippogriff (6)]
  3619 | D:7      | Killed a hippogriff
  3619 | D:7      | Reached skill level 6 in Unarmed Combat
  3619 | D:7      | Reached XP level 7. HP: 28/64 MP: 6/6
  3834 | D:7      | Reached skill level 7 in Fighting
  3837 | D:7      | Reached * piety under Makhleb
  4008 | D:6      | Reached skill level 7 in Unarmed Combat
  4008 | D:6      | Reached XP level 8. HP: 57/73 MP: 7/7
  4066 | D:6      | Reached skill level 8 in Fighting
  4157 | D:6      | Found a staircase to the Ecumenical Temple.
  4157 | D:6      | Noticed Pikel
  4184 | D:6      | Killed Pikel
  4184 | D:6      | Reached skill level 8 in Unarmed Combat
  4273 | D:6      | Reached skill level 9 in Fighting
  4276 | D:6      | Found Ciurifiu's Armour Boutique.
  4305 | D:5      | Entered Level 5 of the Dungeon
  4354 | D:5      | Reached XP level 9. HP: 37/83 MP: 8/8
  4359 | D:5      | HP: 7/83 [orc priest/divine providence (16)]
  4694 | D:6      | Reached skill level 9 in Unarmed Combat
  4929 | D:5      | Reached ** piety under Makhleb
  5073 | D:5      | Noticed Sigmund
  5081 | D:5      | Killed Sigmund
  5099 | D:5      | Reached skill level 10 in Fighting
  5338 | D:3      | Killed Edmund
  5338 | D:3      | Reached skill level 10 in Unarmed Combat
  5441 | D:4      | Found Vycarhiy's Assorted Antiques.
  5523 | D:4      | Found a hazy altar of Hepliaklqana.
  6396 | D:7      | Reached skill level 11 in Fighting
  6396 | D:7      | Reached XP level 10. HP: 73/95 MP: 9/9
  6561 | D:7      | Found a snail-covered altar of Cheibriados.
  6563 | D:7      | Found a shimmering altar of Xom.
  6563 | D:7      | Found a shattered altar of Ashenzari.
  6565 | D:7      | Found a burning altar of Makhleb.
  6565 | D:7      | Found an ornate altar of the Wu Jian Council.
  6565 | D:7      | Found a glowing golden altar of the Shining One.
  6572 | D:7      | Reached skill level 11 in Unarmed Combat
  6664 | D:7      | Reached *** piety under Makhleb
  7202 | D:7      | Found an ancient bone altar of Kikubaaqudgha.
  7583 | D:8      | Noticed a two-headed ogre
  7590 | D:8      | Killed a two-headed ogre
  7590 | D:8      | Reached skill level 12 in Fighting
  7624 | D:8      | Reached skill level 12 in Unarmed Combat
  7630 | D:8      | Reached skill level 3 in Armour
  7630 | D:8      | Reached skill level 3 in Shields
  7632 | D:8      | Reached **** piety under Makhleb
  8367 | D:9      | Noticed Erolcha
  8380 | D:9      | Killed Erolcha
  8380 | D:9      | Reached skill level 4 in Armour
  8380 | D:9      | Reached skill level 4 in Shields
  8380 | D:9      | Reached XP level 11. HP: 44/104 MP: 4/10
  8590 | D:9      | Reached skill level 5 in Armour
  8590 | D:9      | Reached skill level 5 in Shields
  9324 | D:10     | Entered Level 10 of the Dungeon
  9494 | D:10     | Reached skill level 6 in Armour
  9494 | D:10     | Reached skill level 6 in Shields
  9713 | D:10     | Reached ***** piety under Makhleb
 10021 | D:10     | Found a staircase to the Lair.
 10208 | D:11     | Noticed a two-headed ogre
 10216 | D:11     | Killed a two-headed ogre
 10216 | D:11     | Reached skill level 7 in Armour
 10216 | D:11     | Reached skill level 7 in Shields
 10475 | D:11     | Noticed a cyclops
 10486 | D:11     | Killed a cyclops
 10508 | D:11     | Reached XP level 12. HP: 112/112 MP: 11/11
 10583 | D:11     | Reached skill level 8 in Armour
 10583 | D:11     | Reached skill level 8 in Shields
 11114 | D:11     | Found Papith's Assorted Antiques.
 11426 | D:11     | Reached skill level 1 in Dodging
 11440 | D:11     | Found a staircase to the Orcish Mines.
 11702 | Lair:1   | Entered Level 1 of the Lair of Beasts
 12134 | Lair:1   | Reached skill level 2 in Dodging
 12509 | Lair:2   | Noticed a seven-headed hydra
 12519 | Lair:1   | Killed a seven-headed hydra
 13104 | Lair:2   | Reached skill level 3 in Dodging
 13111 | Lair:2   | Found a staircase to the Shoals.
 13620 | Lair:3   | Found a staircase to the Snake Pit.
 13983 | Lair:3   | Found an ancient bone altar of Kikubaaqudgha.
 14381 | Lair:4   | Found a dark tunnel.
 14390 | Volcano  | Entered a volcano
 14401 | Volcano  | Reached skill level 9 in Armour
 14406 | Volcano  | Reached skill level 9 in Shields
 14406 | Volcano  | Reached XP level 13. HP: 79/119 MP: 8/12
 14446 | Volcano  | Paralysed by a wizard for 2 turns
 14451 | Volcano  | Reached ****** piety under Makhleb
 14468 | Volcano  | Paralysed by a wizard for 5 turns
 14474 | Volcano  | Reached skill level 4 in Dodging
 14660 | Volcano  | Reached skill level 13 in Fighting
 14660 | Volcano  | Reached skill level 13 in Unarmed Combat
 15373 | Lair:5   | Found a viscous altar of Jiyva.
 15373 | Lair:5   | Found a staircase to the Slime Pits.
 15984 | Lair:5   | Reached skill level 5 in Dodging
 16429 | Lair:6   | Entered Level 6 of the Lair of Beasts
 16519 | Lair:6   | Noticed Totori's ghost (journeyman DrHu)
 16548 | Lair:6   | Killed Totori's ghost
 16744 | Lair:6   | Reached skill level 10 in Armour
 16744 | Lair:6   | Reached skill level 10 in Shields
 16744 | Lair:6   | Reached XP level 14. HP: 103/129 MP: 13/13
 17017 | Lair:6   | Reached skill level 6 in Dodging
 17452 | Lair:6   | HP: 22/129 [death yak (17)]
 17607 | Lair:6   | Reached skill level 14 in Unarmed Combat
 17662 | Lair:6   | Reached skill level 14 in Fighting
 17668 | Lair:6   | Got a slimy scale mail
 17679 | Lair:6   | Identified the +3 scale mail "Moeb" {rN+ Str+3} (You found it on level 6 of the Lair of Beasts)
 18150 | Lair:6   | Got an iridescent falchion
 18154 | Lair:6   | Got a faintly glowing platinum ring
 18161 | Lair:6   | Identified the ring "Zoppuwol" {Fire rN+ Str+2 Int+3} (You found it on level 6 of the Lair of Beasts)
 18409 | Orc:1    | Entered Level 1 of the Orcish Mines
 18454 | Orc:1    | Noticed Snorg
 18479 | Orc:1    | Killed Snorg
 18989 | Orc:2    | Entered Level 2 of the Orcish Mines
 19153 | Orc:2    | Noticed an orc warlord
 19174 | Orc:2    | Killed an orc warlord
 19179 | Orc:2    | Reached skill level 7 in Dodging
 19286 | Orc:2    | HP: 32/133 [orc high priest/dire flail (14)]
 19592 | Orc:2    | Found Leakli's General Store.
 19593 | Orc:2    | Found Uhau's Jewellery Boutique.
 19594 | Orc:2    | Found Cuzi's Antique Armour Shop.
 19594 | Orc:2    | Found Amunota's Antique Weapon Shop.
 19647 | Orc:2    | Bought a runed cloak for 285 gold pieces
 19950 | Orc:2    | Found a staircase to the Elven Halls.
 20361 | Orc:2    | Bought a runed helmet for 285 gold pieces
 20361 | Orc:2    | Bought a runed plate armour for 988 gold pieces
 20535 | D:12     | Reached XP level 15. HP: 139/139 MP: 14/14
 20854 | D:12     | Reached skill level 11 in Shields
 20918 | D:12     | Reached skill level 11 in Armour
 21823 | D:13     | Noticed Azrael
 21850 | D:13     | Killed Azrael
 22385 | D:14     | Found a gate to the Vaults.
 22414 | D:14     | Reached skill level 8 in Dodging
 22977 | D:14     | Reached skill level 15 in Unarmed Combat
 23110 | D:14     | Reached skill level 15 in Fighting
 23514 | D:15     | Entered Level 15 of the Dungeon
 23733 | D:15     | Found a staircase to the Depths.
 23822 | D:15     | Found Ehiph's Book Emporium.
 24065 | D:15     | Reached XP level 16. HP: 149/149 MP: 15/15
 24424 | D:13     | Identified 2 scrolls of acquirement
 24425 | D:13     | Got a flickering ivory ring
 24427 | D:13     | Identified the ring of Cheibriados's Pride {*Contam rElec rPois rC+} (You acquired it on level 13 of the Dungeon)
 24563 | Snake:1  | Entered Level 1 of the Snake Pit
 24655 | Snake:1  | Got a flickering jade ring
 24657 | Snake:1  | Identified the ring "Deunois" {*Corrode MP+9 Str+4 Int-5 Dex+5} (You acquired it on level 1 of the Snake Pit)
 24915 | Snake:1  | Reached skill level 1 in Invocations
 24942 | Snake:1  | Reached skill level 9 in Dodging
 24946 | Snake:1  | Reached skill level 1 in Evocations
 25255 | Snake:1  | Reached skill level 2 in Invocations
 25638 | Snake:1  | Reached skill level 12 in Shields
 25944 | Snake:2  | Reached skill level 12 in Armour
 25954 | Snake:2  | Reached skill level 2 in Evocations
 25968 | Snake:2  | Noticed a nagaraja
 25983 | Snake:2  | Killed a nagaraja
 26299 | Snake:2  | Reached skill level 3 in Invocations
 26365 | Snake:2  | Noticed a nagaraja
 26390 | Snake:2  | Killed a nagaraja
 26486 | Snake:2  | Found Tyidif's Jewellery Boutique.
 26487 | Snake:2  | Found Bouf's Gadget Shoppe.
 26488 | Snake:2  | Found Gomoekuesih's Jewellery Boutique.
 26502 | Snake:2  | Bought a +4 amulet of reflection for 459 gold pieces
 27211 | Snake:3  | Noticed a nagaraja
 27228 | Snake:3  | Killed a nagaraja
 27228 | Snake:3  | Reached skill level 3 in Evocations
 27774 | Snake:3  | Reached skill level 4 in Invocations
 28123 | Snake:4  | Entered Level 4 of the Snake Pit
 28150 | Snake:4  | Noticed a nagaraja
 28477 | Snake:4  | Killed a nagaraja
 28477 | Snake:4  | Reached XP level 17. HP: 62/157 MP: 19/19
 28990 | Snake:4  | Reached skill level 4 in Evocations
 29091 | Snake:4  | Reached skill level 5 in Invocations
 29317 | Snake:4  | HP: 34/153 [anaconda (5)]
 29317 | Snake:4  | HP: 5/153 [guardian serpent (15)]
 29321 | Snake:4  | HP: 2/158 [naga sharpshooter/arrow (7)]
 29740 | Snake:4  | Reached skill level 6 in Invocations
 29749 | Snake:4  | Reached skill level 5 in Evocations
 30141 | Snake:4  | Reached skill level 13 in Shields
 30163 | Snake:4  | Reached skill level 7 in Invocations
 30175 | Snake:4  | HP: 38/158 [guardian serpent (2)]
 30440 | Snake:4  | Reached skill level 6 in Evocations
 30701 | Snake:4  | HP: 37/158 [anaconda (1)]
 30708 | Snake:4  | Reached skill level 8 in Invocations
 31060 | Snake:4  | Got a serpentine rune of Zot
 31259 | Shoals:1 | Entered Level 1 of the Shoals
 31301 | Shoals:1 | Reached XP level 18. HP: 144/166 MP: 23/23
 31360 | Shoals:1 | Found Joler's Weapon Boutique.
 31372 | Shoals:1 | Reached skill level 7 in Evocations
 31444 | Shoals:1 | HP: 34/165 [harpy (11)]
 31928 | Shoals:1 | Noticed Roxanne
 32148 | Shoals:1 | Reached skill level 9 in Invocations
 32478 | Shoals:2 | Noticed Totori's ghost (adept DrBe)
 33137 | Shoals:2 | Reached skill level 8 in Evocations
 33315 | Shoals:3 | Found Muhoowko's General Store.
 33632 | Shoals:3 | HP: 32/165 [tentacle[a kraken] (10)]
 33745 | Shoals:3 | HP: 29/165 [tentacle[a kraken] (17)]
 33746 | Shoals:3 | HP: 11/165 [tentacle[a kraken] (15)]
 34214 | Shoals:2 | HP: 26/162 [Totori's ghost (20)]
 34637 | Shoals:2 | Killed Totori's ghost
 34637 | Shoals:2 | Reached skill level 14 in Shields
 34860 | Shoals:3 | Noticed Aizul
 34876 | Shoals:3 | Reached skill level 16 in Unarmed Combat
 34889 | Shoals:3 | Killed Aizul
 34889 | Shoals:3 | Reached skill level 16 in Fighting
 35482 | Shoals:4 | Entered Level 4 of the Shoals
 35788 | Shoals:4 | Got a bloodstained ring mail
 35799 | Shoals:4 | Identified the +1 ring mail of the Blacksmith {rPois rC- Dex+2} (You found it on level 4 of the Shoals)
 36158 | Shoals:4 | HP: 41/167 [harpy (6)]
 36163 | Shoals:4 | HP: 35/167 [merfolk javelineer/javelin (17)]
 36168 | Shoals:4 | HP: 25/168 [merfolk impaler/demon trident of venom (9)]
 36692 | Shoals:4 | Noticed Ilsuiw
 36755 | Shoals:4 | Killed Ilsuiw
 36755 | Shoals:4 | Reached XP level 19. HP: 140/174 MP: 25/25
 37045 | Shoals:4 | Got a barnacled rune of Zot
 37436 | Vaults:1 | Entered Level 1 of the Vaults
 37460 | Vaults:1 | Paralysed by an ogre mage for 5 turns
 37818 | Vaults:1 | Reached skill level 17 in Fighting
 37818 | Vaults:1 | Reached skill level 17 in Unarmed Combat
 38151 | Vaults:1 | Reached skill level 15 in Shields
 38198 | Vaults:1 | Paralysed by a great orb of eyes for 6 turns
 38290 | Vaults:1 | Reached skill level 10 in Invocations
 38567 | Vaults:1 | Found Qovvanek's Food Boutique.
 38964 | Vaults:2 | Reached skill level 10 in Dodging
 39691 | Vaults:2 | HP: 36/177 [vault warden/great mace of protection (9)]
 39693 | Vaults:2 | HP: 4/177 [ogre mage/crystal spear (27)]
 39693 | Vaults:2 | Slain by a two-headed ogre

Vault maps used:
D:1:      minmay_arrival_up_and_down
D:2:      lemuel_round_altar, chequers_temple_overflow_minitemple,
          old_standard_altar, roderic_lattice_a, nicolae_qazlal_eye_of_the_storm
D:3:      minivault_23
D:4:      old_standard_altar, first_ration, minmay_shop_grid_forest,
          uniq_menkaure, uniq_edmund
D:5:      abandoned_shop, kennysheep_generic_room_9, uniq_sigmund
D:6:      kennysheep_steamy, temple_fountains, serial_shops, shop, uniq_pikel
D:7:      kennysheep_six_static_rooms, lemuel_zombie_altar_kikubaaqudgha,
          dancing_weapons_uskayaw, grunt_ogre_cave, doesnt_xom_only_xom
D:8:      st_stairs_11
D:9:      minivault_25_ag, roderic_serpentine_path, uniq_erolcha
D:10:     grunt_lair_entry_orc_guard_hut
D:11:     david_orc_4, serial_shops, shop_statue, water_boxes_lemuel
D:13:     uniq_azrael
D:14:     minmay_connected_boxes_in_corner, lightli_vaults_fourway_checkpoint,
          david_greed
D:15:     grunt_enter_depths_magical_seal, minmay_misc_feat_alley, serial_shops,
          nicolae_shop_stone
Lair:1:   hangedman_lair_generics_rect, grunt_megastairs_3
Lair:2:   minmay_shoals_entry_lonely_mermaid, serial_bayou_shore_a
Lair:3:   minmay_snake_entry_six_corridors, basic_altar, grunt_megastairs_1
Lair:4:   enter_volcano_2
Lair:5:   slime_altar_1, grunt_megastairs_4, minmay_lair_oklob_chamber
Lair:6:   grunt_lair_end_beastmaster, serial_bayou_crossing
Shoals:1: serial_shops, shop, uniq_roxanne
Shoals:2: cheibrodos_shoals_oceanic_diplomacy
Shoals:3: serial_shops, shop, uniq_aizul
Shoals:4: shoals_end_simple, shoals_ilsuiw_ice, nicolae_shoals_circle_sea_wall
Snake:1:  dpeg_oklob_gauntlet, grunt_megastairs_2
Snake:2:  grunt_ministairs_8, serial_bayou_shore_b, minmay_shop_grove
Snake:4:  grunt_snake_rune_serpentine_throne
Orc:1:    abandoned_shop, statue_in_the_mist_lemuel, uniq_snorg
Orc:2:    st_orc_congregation
Vaults:1: nicolae_vaults_little_squares_4, nicolae_vaults_circle_grid_a,
          nicolae_vaults_alarming, hangedman_vaults_locks, hangedman_vaults_hat,
          nicolae_vaults_little_squares_6, v_misc_17,
          nicolae_vaults_little_squares_4, vaults_room_corners, serial_shops,
          shop
Vaults:2: vaults_mumra_lcd, v_misc_27, vaults_dpeg_diagonal, vaults_room_pools,
          grunt_vaults_funneled_arena, nicolae_vaults_arrows, v_pattern_1,
          hangedman_vaults_snaps, hangedman_vaults_river_flow
Volcano:  volcano_bunker

Skill      XL: |  1  2  3  4  5  6  7  8  9 10 11 12 13 14 15 16 17 18 19 |
---------------+----------------------------------------------------------+-----
Unarmed Combat | 3 4 5 6 7 8 10 12 13 14 15 16 17 | 17.5
Fighting       | 4 5 6 7 9 11 12 13 14 15 16 17 | 17.5
Armour         | 4 7 9 10 11 12 | 12.7
Shields        | 4 7 9 10 11 12 13 14 15 | 15.0
Dodging        | 3 5 7 8 9 10 | 10.3
Invocations    | 4 8 9 10 | 10.6
Evocations     | 3 6 8 |  8.1

Action                   |  1- 3 |  4- 6 |  7- 9 | 10-12 | 13-15 | 16-18 | 19-21 || total
-------------------------+-------+-------+-------+-------+-------+-------+-------++-------
Melee: Unarmed           |   136 |    93 |   348 |   835 |  1554 |  2351 |   744 ||  6061
Invok: Lesser Servant of |       |       |       |       |       |    29 |     7 ||    36
       Major Destruction |       |       |       |       |       |     1 |       ||     1
 Abil: Evoke Invisibilit |       |       |       |       |       |     2 |     2 ||     4
Evoke: Wand              |       |       |       |     1 |     4 |     9 |       ||    14
  Use: Potion            |       |     3 |     3 |     1 |    21 |    13 |     1 ||    42
       Scroll            |       |    11 |     2 |     5 |     3 |    18 |     1 ||    40
 Stab: Invisible         |       |       |       |       |     8 |       |     7 ||    15
       Distracted        |       |       |       |       |       |     4 |     1 ||     5
       Held in net/web   |       |       |       |       |       |     1 |       ||     1
  Eat: Chunk             |     8 |     2 |    13 |    27 |    34 |    44 |     9 ||   137
       Ration            |       |       |       |       |       |     3 |       ||     3
Armor: Scale mail        |    57 |    27 |   152 |    60 |    74 |       |       ||   370
       Plate armour      |       |       |       |   357 |   236 |  1019 |   330 ||  1942
       Chain mail        |       |       |       |       |   176 |       |       ||   176
Dodge: Dodged            |    40 |    21 |    81 |   152 |   338 |   648 |   170 ||  1450
       Deflected         |       |       |       |       |       |     9 |       ||     9
Block: Shield            |    50 |    35 |   113 |   348 |   810 |  2006 |   521 ||  3883
       Reflection        |       |       |       |       |    19 |   128 |    44 ||   191

Table legend:
 A = Spawn XP
 B = Non-spawn XP
 C = Spawn XP percentage of total XP
 D = Spawn monster count
 E = Non-spawn monster count
 F = Spawn count percentage of total count
 G = Total turns spent on level
                    A         B        C        D         E        F      G
               +---------+---------+-------+---------+---------+-------+---------
         Total |       0 |  393650 |   0.0 |       0 |    1160 |   0.0 | 39693
               +---------+---------+-------+---------+---------+-------+---------
           D:1 |       0 |      29 |   0.0 |       0 |      16 |   0.0 |   792
           D:2 |       0 |      34 |   0.0 |       0 |      14 |   0.0 |  1276
           D:3 |       0 |     290 |   0.0 |       0 |      16 |   0.0 |  1131
           D:4 |       0 |     275 |   0.0 |       0 |      12 |   0.0 |   692
           D:5 |       0 |    1084 |   0.0 |       0 |      44 |   0.0 |   701
           D:6 |       0 |    1434 |   0.0 |       0 |      13 |   0.0 |   952
           D:7 |       0 |    2398 |   0.0 |       0 |      41 |   0.0 |  1765
           D:8 |       0 |    2829 |   0.0 |       0 |      37 |   0.0 |   993
           D:9 |       0 |    3082 |   0.0 |       0 |      27 |   0.0 |  1022
          D:10 |       0 |    4069 |   0.0 |       0 |      32 |   0.0 |   887
          D:11 |       0 |    5148 |   0.0 |       0 |      47 |   0.0 |  1670
          D:12 |       0 |    5585 |   0.0 |       0 |      32 |   0.0 |   826
          D:13 |       0 |    5430 |   0.0 |       0 |      30 |   0.0 |   747
          D:14 |       0 |   20324 |   0.0 |       0 |      50 |   0.0 |  1552
          D:15 |       0 |   13198 |   0.0 |       0 |      28 |   0.0 |   894
        Lair:1 |       0 |    4389 |   0.0 |       0 |      14 |   0.0 |   816
        Lair:2 |       0 |    3987 |   0.0 |       0 |      15 |   0.0 |  1240
        Lair:3 |       0 |    3087 |   0.0 |       0 |      25 |   0.0 |  1184
        Lair:4 |       0 |    1630 |   0.0 |       0 |       6 |   0.0 |   671
        Lair:5 |       0 |    5446 |   0.0 |       0 |      18 |   0.0 |  1270
        Lair:6 |       0 |   25018 |   0.0 |       0 |      60 |   0.0 |  1635
      Shoals:1 |       0 |   13761 |   0.0 |       0 |      28 |   0.0 |  1483
      Shoals:2 |       0 |   20412 |   0.0 |       0 |      40 |   0.0 |  1337
      Shoals:3 |       0 |   12800 |   0.0 |       0 |      21 |   0.0 |  1430
      Shoals:4 |       0 |   32801 |   0.0 |       0 |      65 |   0.0 |  1440
       Snake:1 |       0 |   19171 |   0.0 |       0 |      40 |   0.0 |  1399
       Snake:2 |       0 |   15048 |   0.0 |       0 |      26 |   0.0 |  1124
       Snake:3 |       0 |   12855 |   0.0 |       0 |      19 |   0.0 |  1114
       Snake:4 |       0 |   64306 |   0.0 |       0 |      96 |   0.0 |  2984
         Orc:1 |       0 |    3605 |   0.0 |       0 |      26 |   0.0 |   591
         Orc:2 |       0 |   12446 |   0.0 |       0 |      92 |   0.0 |  1458
      Vaults:1 |       0 |   44357 |   0.0 |       0 |      68 |   0.0 |  1477
      Vaults:2 |       0 |   26615 |   0.0 |       0 |      51 |   0.0 |   780
       Volcano |       0 |    6707 |   0.0 |       0 |      11 |   0.0 |   360
               +---------+---------+-------+---------+---------+-------+---------

Vault maps used:
D:1:      minmay_arrival_up_and_down
D:2:      lemuel_round_altar, chequers_temple_overflow_minitemple,
          old_standard_altar, roderic_lattice_a, nicolae_qazlal_eye_of_the_storm
D:3:      minivault_23
D:4:      old_standard_altar, first_ration, minmay_shop_grid_forest,
          uniq_menkaure, uniq_edmund
D:5:      abandoned_shop, kennysheep_generic_room_9, uniq_sigmund
D:6:      kennysheep_steamy, temple_fountains, serial_shops, shop, uniq_pikel
D:7:      kennysheep_six_static_rooms, lemuel_zombie_altar_kikubaaqudgha,
          dancing_weapons_uskayaw, grunt_ogre_cave, doesnt_xom_only_xom
D:8:      st_stairs_11
D:9:      minivault_25_ag, roderic_serpentine_path, uniq_erolcha
D:10:     grunt_lair_entry_orc_guard_hut
D:11:     david_orc_4, serial_shops, shop_statue, water_boxes_lemuel
D:13:     uniq_azrael
D:14:     minmay_connected_boxes_in_corner, lightli_vaults_fourway_checkpoint,
          david_greed
D:15:     grunt_enter_depths_magical_seal, minmay_misc_feat_alley, serial_shops,
          nicolae_shop_stone
Lair:1:   hangedman_lair_generics_rect, grunt_megastairs_3
Lair:2:   minmay_shoals_entry_lonely_mermaid, serial_bayou_shore_a
Lair:3:   minmay_snake_entry_six_corridors, basic_altar, grunt_megastairs_1
Lair:4:   enter_volcano_2
Lair:5:   slime_altar_1, grunt_megastairs_4, minmay_lair_oklob_chamber
Lair:6:   grunt_lair_end_beastmaster, serial_bayou_crossing
Shoals:1: serial_shops, shop, uniq_roxanne
Shoals:2: cheibrodos_shoals_oceanic_diplomacy
Shoals:3: serial_shops, shop, uniq_aizul
Shoals:4: shoals_end_simple, shoals_ilsuiw_ice, nicolae_shoals_circle_sea_wall
Snake:1:  dpeg_oklob_gauntlet, grunt_megastairs_2
Snake:2:  grunt_ministairs_8, serial_bayou_shore_b, minmay_shop_grove
Snake:4:  grunt_snake_rune_serpentine_throne
Orc:1:    abandoned_shop, statue_in_the_mist_lemuel, uniq_snorg
Orc:2:    st_orc_congregation
Vaults:1: nicolae_vaults_little_squares_4, nicolae_vaults_circle_grid_a,
          nicolae_vaults_alarming, hangedman_vaults_locks, hangedman_vaults_hat,
          nicolae_vaults_little_squares_6, v_misc_17,
          nicolae_vaults_little_squares_4, vaults_room_corners, serial_shops,
          shop
Vaults:2: vaults_mumra_lcd, v_misc_27, vaults_dpeg_diagonal, vaults_room_pools,
          grunt_vaults_funneled_arena, nicolae_vaults_arrows, v_pattern_1,
          hangedman_vaults_snaps, hangedman_vaults_river_flow
Volcano:  volcano_bunker

Table legend:
 A = Turns spent in this place as a percentage of turns spent in the entire game.
 B = Non-inter-level travel turns spent in this place as a percentage of non-inter-level travel turns spent in the entire game.
 C = Inter-level travel turns spent in this place as a percentage of turns spent in this place.
 D = Turns resting spent in this place as a percentage of non-inter-level travel turns spent in this place.
 E = Turns spent auto-exploring this place as a percentage of non-inter-level travel turns spent in this place.
 F = Non-inter-level travel turns spent in this place divided by the number of levels of this place that you've seen.
                   A       B       C       D       E      F
               +-------+-------+-------+-------+-------+----------------------
         Total | 100.0 | 100.0 |   5.4 |   5.2 |  67.1 | 1104.9
       Dungeon |  40.1 |  39.5 |   6.7 |   4.3 |  72.6 | 988.9
          Lair |  17.2 |  16.7 |   7.8 |   2.8 |  75.9 | 1047.8
        Shoals |  14.3 |  14.9 |   1.9 |  18.6 |  47.3 | 1395.0
     Snake Pit |  16.7 |  17.0 |   3.8 |   1.4 |  67.2 | 1592.0
  Orcish Mines |   5.2 |   5.0 |   7.4 |   0.3 |  69.6 | 948.5
        Vaults |   5.7 |   6.0 |   0.8 |   0.1 |  59.2 | 1120.0
       Volcano |   0.9 |   1.0 |   0.0 |   5.6 |  31.1 | 360.0
               +-------+-------+-------+-------+-------+----------------------

Table legend:
 A = Kills in this place as a percentage of kills in entire the game.
 B = Kills by you in this place as a percentage of kills by you in the entire game.
 C = Kills by friends in this place as a percentage of kills by friends in the entire game.
 D = Other kills in this place as a percentage of other kills in the entire game.
 E = Experience gained in this place as a percentage of experience gained in the entire game.
 F = Experience gained in this place divided by the number of levels of this place that you have seen.
                   A       B       C       D       E      F
               +-------+-------+-------+-------+-------+----------------------
         Total | 100.0 | 100.0 | 100.0 | 100.0 | 100.0 | 11577.9
       Dungeon |  37.8 |  39.1 |   0.0 |   8.3 |  16.6 | 4347.3
          Lair |  11.9 |  12.2 |   3.6 |   0.0 |  11.1 | 7259.5
        Shoals |  13.3 |  11.8 |  75.0 |   8.3 |  20.3 | 19943.5
     Snake Pit |  15.6 |  15.7 |   3.6 |  33.3 |  28.3 | 27845.0
  Orcish Mines |  10.2 |  10.5 |   0.0 |   0.0 |   4.1 | 8025.5
        Vaults |  10.3 |   9.6 |  17.9 |  50.0 |  18.0 | 35486.0
       Volcano |   0.9 |   1.0 |   0.0 |   0.0 |   1.7 | 6707.0
               +-------+-------+-------+-------+-------+----------------------
